 Dungeon Crawl Stone Soup version 0.30.1-11-g7821555f0a (webtiles) character file.

Game seed: 4771468904982417070

95218 Nonny the Slayer (level 15, -2/166 HPs)
             Began as a Minotaur Berserker on Oct 27, 2023.
             Was a High Priest of Trog.
             Slain by a +4 trident of venom (15 damage)
             ... on level 1 of the Elven Halls.
             The game lasted 00:52:52 (25129 turns).

Nonny the Slayer (Minotaur Berserker)              Turns: 25129, Time: 00:52:52

Health: -2/166     AC: 17    Str: 28    XL:     15   Next: 65%
Magic:  14/14      EV: 16    Int: 10    God:    Trog [*****.]
Gold:   1520       SH:  0    Dex: 11    Spells: 14/14 levels left

rFire   + + +        X - +1 great mace (flame)
rCold   + . .        (shield currently unavailable)
rNeg    . . .        u - +3 scale mail {rF+}
rPois   .            (helmet restricted)
rElec   +            N - +1 cloak of Starlight {*Dazzle EV+4 Stlth--}
rCorr   +            C - +0 pair of gloves
SInv    .            F - +0 pair of boots {Fly}
Will    +....        (no amulet) Stlth
                     a - ring "Xaostu" {rElec rF+ Int+6 Stlth+}
HPRegen 0.47/turn    d - ring "Davofosu" {Fly rF+ rC+ rCorr}
MPRegen 0.14/turn

%: no passive effects
@: lethally poisoned (-2 -> -7), about to teleport, flying, slowed, very slow
A: horns 2, retaliatory headbutt
a: Renounce Religion, Berserk, Trog's Hand, Brothers in Arms


You were on level 1 of the Elven Halls.
You worshipped Trog.
Trog was extremely pleased with you.
You visited 5 branches of the dungeon, and saw 20 of its levels.

You collected 2235 gold pieces.
You spent 715 gold pieces at shops.

Inventory:

Hand Weapons
 I - a +0 flail of holy wrath
 X - a +1 great mace of flaming (weapon)
Missiles
 l - 11 curare-tipped darts
 s - 9 poisoned darts (quivered)
 t - 2 atropa-tipped darts
 x - 2 throwing nets
 G - 2 datura-tipped darts
 S - 4 silver javelins
Armour
 u - a +3 scale mail of fire resistance (worn)
 C - a +0 pair of gloves (worn)
 F - a +0 pair of boots of flying (worn)
 N - the +1 cloak of Starlight (worn) {*Dazzle EV+4 Stlth--}
   (You found it on level 1 of the Elven Halls)

   *Dazzle:   It may blind those who miss an attack against the wearer in melee
   combat.
   EV:        It affects your evasion (+4).
   Stlth:     It makes you much less stealthy.
Jewellery
 a - the ring "Xaostu" (left hand) {rElec rF+ Int+6 Stlth+}
   (You found it on level 2 of the Lair of Beasts)

   [ring of intelligence]

   Int:       It affects your intelligence (+6).
   rF:        It protects you from fire.
   rElec:     It insulates you from electricity.
   Stlth:     It makes you more stealthy.
 d - the ring "Davofosu" (right hand) {Fly rF+ rC+ rCorr}
   (You acquired it on level 10 of the Dungeon)

   [ring of flight]

   rF:        It protects you from fire.
   rC:        It protects you from cold.
   Fly:       It grants you flight.
   rCorr:     It protects you from acid and corrosion.
 w - a ring of ice
 H - a +6 ring of intelligence
 P - a ring of willpower
 W - a ring of positive energy
Wands
 j - a wand of polymorph (2)
 q - a wand of paralysis (19)
 M - a wand of acid (17)
 T - a wand of mindburst (22)
 V - a wand of flame (17)
 Y - a wand of iceblast (9)
Scrolls
 h - 7 scrolls of teleportation
 k - 2 scrolls of poison
 o - 3 scrolls of immolation
 p - 2 scrolls of fog
 v - a scroll of blinking
 y - 2 scrolls of magic mapping
 B - 2 scrolls of fear
 E - a scroll of enchant weapon
 Q - 3 scrolls of silence
Potions
 b - 3 potions of resistance
 c - 4 potions of might
 f - 4 potions of mutation
 g - 11 potions of curing
 m - 3 potions of flight
 n - a potion of invisibility
 z - a potion of haste
 D - 2 potions of lignification
 J - a potion of berserk rage
 R - 2 potions of attraction
 Z - 2 potions of magic
Miscellaneous
 i - a piece from Xom's chessboard (15/15)
 r - a box of beasts
 A - a phantom mirror
 O - a condenser vane
 U - a lightning rod (4/4)


   Skills:
 + Level 24.2 Fighting
 + Level 17.7(17.9) Maces & Flails
 - Level 3.9(12.2) Staves
 - Level 6.0 Throwing
 + Level 11.9 Armour
 - Level 6.2 Dodging
 - Level 3.0 Stealth
 - Level 6.0 Evocations


You had 14 spell levels left.
You didn't know any spells.
Your spell library was empty.

Dungeon Overview and Level Annotations

Branches:
Dungeon (11/15)            Temple (1/1) D:5            Lair (5/5) D:11
 Shoals (0/4) Lair:3       Spider (0/4) Lair:2        Slime (0/5) Lair:4
    Orc (2/2) D:10            Elf (1/3) Orc:2

Altars:
Ashenzari
Cheibriados
Dithmenos
Elyvilon
Fedhas
Gozag
Hepliaklqana
Kikubaaqudgha
Makhleb
Nemelex Xobeh
Okawaru
Qazlal
Ru
Sif Muna
Trog
Uskayaw
Vehumet
Wu Jian
Xom
Yredelemnul
Zin
The Shining One

Shops:
D:1 [   Orc:2 ::*!   Elf:1 (

Portals:
Abyss: Lair:1

Annotations:
Lair:1 2 transporters, growler's ghost, journeyman TeAE
Lair:3 2 transporters, Rizzler's ghost, journeyman DsEE
Elf:1 Varewnug's ghost, adept HuVM


Innate Abilities, Weirdness & Mutations

You have a pair of horns on your head.
You reflexively headbutt those who attack you in melee.


Message History

Unknown command.
Your surroundings suddenly seem different.
You are no longer terrified.
You feel very sick.
As you close the door, it creaks loudly!
You feel very sick.
You start resting.
You feel sick. x3
You feel yourself speed up.
You feel sick.
You are no longer poisoned.
You reach down and open the door.
A deep elf archer comes into view. It is wielding a +0 short sword.
The deep elf archer shouts!
A +4 trident of venom comes into view.
The deep elf archer points at you and mumbles some strange words.
You feel yourself slow down.
Found a stone staircase leading down.
The deep elf archer unwields a +0 short sword.
The deep elf archer wields a +0 shortbow.
The deep elf archer shoots an arrow.
The arrow closely misses you.
There is an open door here.
You feel much better.
The +4 trident of venom hits you from afar!
* * * LOW HITPOINT WARNING * * *
You are poisoned.
The +4 trident of venom misses you.
The +4 trident of venom hits you from afar.
* * * LOW HITPOINT WARNING * * *
As you read the scroll of teleportation, it crumbles to dust.
You feel strangely unstable.
You recover from your berserk rage.
You feel very sick.
The +4 trident of venom hits you from afar.
* * * LOW HITPOINT WARNING * * *
The +4 trident of venom hits you from afar!
* * * LOW HITPOINT WARNING * * *
The deep elf archer shoots an arrow.
The arrow hits you but does no damage.
You feel very sick.
The +4 trident of venom hits you from afar!
You die...

#.....).#
#
##.....##
#.....#
###+##'
#.# #.
#.# #.
#.# #.#
#@# #'#
#....(#
#>..e.#
#.....+
#.....#
#.....#
#######


You could see a deep elf archer (repels missiles) and a +4 trident of venom.

Vanquished Creatures
  The ghost of sizableburger the Fighter, a journeyman OgTm of Ru (Lair:5)
  A deep elf elementalist (Elf:1)
  Azrael (Elf:1)
  Josephine (Lair:4)
  A fire dragon (Lair:5)
  The ghost of monsoonserge the Destroyer, a journeyman DrCj of Vehumet (D:11)
  6 hydras
  2 ogre magi (Orc:2)
  Erica (Lair:1)
  7 two-headed ogres
  10 dancing weapons (Elf:1)
  8 death yaks
  The ghost of Rem the Destroyer, a novice OpCj of Vehumet (D:8)
  An orc high priest (Orc:2)
  Nergalle (D:10)
  4 deep elf knights (Elf:1)
  2 skysharks
  A fire crab (Lair:2)
  A deep troll (Orc:2)
  9 deep elf archers (Elf:1)
  A lindwurm (Lair:5)
  An orange crystal statue (D:11)
  11 deep elf zephyrmancers (Elf:1)
  10 deep elf pyromancers (Elf:1)
  An orc sorcerer (Orc:1)
  An orc knight (Orc:1)
  2 cyclopes (Orc:2)
  11 elephants
  10 black mambas
  A torpor snail (Lair:2)
  2 molten gargoyles (Lair:5)
  3 rime drakes
  11 komodo dragons
  12 cane toads
  A komodo dragon (shapeshifter) (Elf:1)
  4 polar bears
  12 blink frogs
  A hornet (D:8)
  13 trolls
  Sigmund (D:2)
  A shadow (D:11)
  2 vampires
  2 fire elementals (Elf:1)
  4 wraiths
  9 wyverns
  4 steam dragons
  53 yaks
  9 basilisks
  2 wargs (Orc:2)
  20 water moccasins
  5 hell hounds
  Duvessa (D:4)
  17 orc warriors
  2 sky beasts (D:7)
  4 ice beasts
  6 black bears
  17 wolves
  24 ogres
  5 centaurs
  A phantom (D:5)
  A kobold brigand (D:7)
  Blork the orc (D:6)
  2 earth elementals (Elf:1)
  9 bullfrogs
  A scorpion (Lair:2)
  A wight (D:7)
  Dowan (D:4)
  23 killer bees
  A howler monkey (D:11)
  8 lava snakes
  An iron imp (D:6)
  3 gnoll boudas
  28 orc priests
  3 jellies
  Ijyb (D:4)
  4 sleepcaps
  5 iguanas
  21 orc wizards
  4 hell rats (Lair:1)
  8 adders
  13 gnolls
  2 white imps
  A dart slug (D:4)
  61 orcs
  2 bats
  3 endoplasms
  4 giant cockroaches
  5 hobgoblins
  A quokka (D:3)
  8 ball pythons
  5 frilled lizards
  5 goblins
  5 kobolds
  A rat (D:1)
  A butterfly (D:5)
  A spectral weapon (Elf:1)
601 creatures vanquished.

Vanquished Creatures (collateral kills)
  An ettin (Orc:2)
  An ogre mage (D:11)
  2 two-headed ogres (Orc:2)
  A slime creature (D:11)
  A yak (D:11)
  A steam dragon (Lair:2)
  A basilisk (Lair:2)
  A centaur (D:11)
9 creatures vanquished.

Vanquished Creatures (others)
  A deep elf pyromancer (Elf:1)
  A water elemental (Elf:1)
  A hell hound (Lair:5)
  An orc wizard (Orc:1)
4 creatures vanquished.

Grand Total: 614 creatures vanquished

Notes
Turn   | Place    | Note
-------+----------+-------------------------------------------
     0 | D:1      | Nonny the Minotaur Berserker began the quest for the Orb.
     0 | D:1      | Reached XP level 1. HP: 19/19 MP: 0/0
    34 | D:1      | Found Zibul's Armour Boutique.
   137 | D:1      | Found a faded altar of an unknown god.
   186 | D:1      | Reached XP level 2. HP: 24/27 MP: 1/1
   436 | D:1      | Reached skill level 4 in Fighting
   669 | D:2      | Noticed Sigmund
   675 | D:2      | Killed Sigmund
   676 | D:2      | Reached skill level 5 in Fighting
   676 | D:2      | Reached skill level 5 in Maces & Flails
   676 | D:2      | Reached XP level 3. HP: 36/36 MP: 2/2
   676 | D:2      | Reached XP level 4. HP: 42/42 MP: 3/3
   676 | D:2      | Reached XP level 5. HP: 48/48 MP: 4/4
  1228 | D:3      | Reached ** piety under Trog
  1743 | D:4      | Noticed Duvessa
  1743 | D:4      | Noticed Dowan
  1758 | D:4      | Killed Duvessa
  1759 | D:4      | Reached XP level 6. HP: 56/56 MP: 5/5
  1762 | D:4      | Killed Dowan
  2011 | D:4      | Found a radiant altar of Vehumet.
  2104 | D:4      | Found a blossoming altar of Fedhas.
  2108 | D:4      | Found a shimmering altar of Xom.
  2114 | D:4      | Reached skill level 5 in Armour
  2114 | D:4      | Reached XP level 7. HP: 62/62 MP: 6/6
  2141 | D:4      | Noticed Ijyb
  2143 | D:4      | Paralysed by Ijyb for 3 turns
  2151 | D:4      | Paralysed by Ijyb for 2 turns
  2156 | D:4      | Killed Ijyb
  2515 | D:4      | Found a glowing silver altar of Zin.
  2521 | D:4      | Found an opulent altar of Gozag.
  2524 | D:4      | Found an iron altar of Okawaru.
  2528 | D:4      | Found a sacrificial altar of Ru.
  2535 | D:4      | Found a stormy altar of Qazlal.
  2681 | D:5      | Entered Level 5 of the Dungeon
  2789 | D:5      | Reached skill level 6 in Fighting
  2793 | D:5      | Reached *** piety under Trog
  3011 | D:5      | Reached XP level 8. HP: 70/70 MP: 7/7
  3018 | D:5      | Found a staircase to the Ecumenical Temple.
  3032 | Temple   | Entered the Ecumenical Temple
  3995 | D:6      | Reached skill level 7 in Fighting
  4125 | D:6      | Reached XP level 9. HP: 55/79 MP: 8/8
  4127 | D:6      | Reached skill level 10 in Maces & Flails
  4237 | D:6      | Noticed Blork the orc
  4244 | D:6      | Killed Blork the orc
  4528 | D:6      | Found a snail-covered altar of Cheibriados.
  4826 | D:7      | Reached skill level 8 in Fighting
  5393 | D:8      | Found a broken altar of Ashenzari.
  5423 | D:8      | Found a hide-covered altar of Uskayaw.
  5428 | D:8      | Noticed a two-headed ogre
  5438 | D:8      | Killed a two-headed ogre
  5439 | D:8      | Reached XP level 10. HP: 47/90 MP: 9/9
  5651 | D:8      | Found a runed translucent door.
  5651 | D:8      | Noticed Rem's ghost (novice OpCj)
  5667 | D:8      | Killed Rem's ghost
  5668 | D:8      | Reached skill level 9 in Fighting
  5668 | D:8      | Reached skill level 5 in Dodging
  5760 | D:8      | Paralysed by a hornet for 3 turns
  5904 | D:8      | Found a burning altar of Makhleb.
  5923 | D:8      | Identified the +1 robe "Ciw Seik" {+Blink +Inv}
  5945 | D:8      | Reached **** piety under Trog
  5997 | D:8      | Found a bloodstained altar of Trog.
  6078 | D:8      | Trog vault: three ogres
  6704 | D:9      | 4chamber floor
  6876 | D:9      | Reached skill level 10 in Fighting
  7543 | D:10     | Entered Level 10 of the Dungeon
  7562 | D:10     | Identified 2 scrolls of acquirement
  7562 | D:10     | Acquired the ring "Davofosu" {Fly rF+ rC+ rCorr}
  7574 | D:10     | Noticed Nergalle
  7592 | D:10     | Killed Nergalle
  8081 | D:10     | Reached XP level 11. HP: 93/101 MP: 10/10
  8125 | D:10     | Reached skill level 11 in Fighting
  8475 | D:10     | Identified the +8 rapier of Alapux {freeze, Str+3}
  8633 | D:10     | Acquired a manual of Fighting
  8770 | D:10     | Found a staircase to the Orcish Mines.
  9222 | D:11     | Reached skill level 1 in Throwing
  9225 | D:11     | Reached skill level 1 in Evocations
  9331 | D:11     | Reached skill level 12 in Fighting
  9336 | D:11     | Reached skill level 15 in Maces & Flails
  9562 | D:11     | Found a transporter.
  9564 | D:11     | Noticed an ogre mage
  9565 | D:11     | Noticed monsoonserge's ghost (journeyman DrCj)
  9601 | D:11     | Reached skill level 13 in Fighting
  9714 | D:11     | Found a transporter.
  9734 | D:11     | Killed monsoonserge's ghost
  9739 | D:11     | Killed an ogre mage
  9740 | D:11     | Reached skill level 14 in Fighting
  9747 | D:11     | Reached ***** piety under Trog
  9941 | D:11     | Noticed an orange crystal statue
 10019 | D:11     | Killed an orange crystal statue
 10433 | D:11     | Noticed a two-headed ogre
 10444 | D:11     | Killed a two-headed ogre
 10445 | D:11     | Reached skill level 15 in Fighting
 10445 | D:11     | Reached XP level 12. HP: 119/119 MP: 11/11
 10450 | D:11     | Found a staircase to the Lair.
 10567 | Lair:1   | Entered Level 1 of the Lair of Beasts
 10643 | Lair:1   | Noticed Erica
 10651 | Lair:1   | Killed Erica
 10652 | Lair:1   | Found a one-way gate to the infinite horrors of the Abyss.
 10652 | Lair:1   | Noticed growler's ghost (journeyman TeAE)
 10684 | Lair:1   | HP: 7/183 [yak (4)]
 10692 | Lair:1   | Reached skill level 16 in Fighting
 11158 | Lair:1   | Reached skill level 5 in Throwing
 11395 | Lair:1   | Found a transporter.
 11405 | Lair:1   | Found a transporter.
 11880 | Lair:2   | Found a hole to the Spider Nest.
 11901 | Lair:2   | Reached skill level 17 in Fighting
 12333 | Lair:2   | Identified the ring "Xaostu" {rElec rF+ Int+6 Stlth+}
 12408 | Lair:2   | Reached skill level 5 in Evocations
 12659 | Lair:2   | Noticed a four-headed hydra
 12677 | Lair:2   | Reached skill level 18 in Fighting
 12710 | Lair:2   | Killed a four-headed hydra
 12860 | Lair:2   | Noticed a five-headed hydra
 12869 | Lair:2   | Killed a five-headed hydra
 13313 | Lair:2   | Noticed a death yak
 13313 | Lair:2   | Noticed a death yak
 13320 | Lair:2   | Killed a death yak
 13331 | Lair:2   | Killed a death yak
 13332 | Lair:2   | Reached skill level 19 in Fighting
 13332 | Lair:2   | Reached XP level 13. HP: 137/137 MP: 12/12
 13915 | Lair:3   | Noticed Rizzler's ghost (journeyman DsEE)
 13919 | Lair:3   | Found a staircase to the Shoals.
 14276 | Lair:3   | Found a transporter.
 14667 | Lair:3   | Reached skill level 1 in Stealth
 14815 | Lair:3   | Found a transporter.
 15355 | Lair:4   | Reached skill level 20 in Fighting
 15836 | Lair:4   | Found a staircase to the Slime Pits.
 15955 | Lair:4   | Noticed Josephine
 15970 | Lair:4   | Killed Josephine
 16571 | Lair:4   | Reached skill level 21 in Fighting
 16849 | Lair:5   | Entered Level 5 of the Lair of Beasts
 17205 | Lair:5   | Found a large runed translucent door.
 17206 | Lair:5   | Found a large runed translucent door.
 17210 | Lair:5   | Noticed sizableburger's ghost (journeyman OgTm)
 17469 | Lair:5   | Reached skill level 22 in Fighting
 17469 | Lair:5   | Reached XP level 14. HP: 131/154 MP: 13/13
 18608 | Lair:5   | Reached skill level 23 in Fighting
 18621 | Lair:5   | Received a gift from Trog
 18632 | Lair:5   | Found a large runed translucent door.
 18633 | Lair:5   | Found a large runed translucent door.
 18857 | Lair:5   | Reached skill level 1 in Staves
 18920 | Lair:5   | HP: 3/157 [black mamba (13)]
 19490 | Lair:5   | Killed sizableburger's ghost
 19660 | Orc:1    | Entered Level 1 of the Orcish Mines
 20316 | Orc:2    | Entered Level 2 of the Orcish Mines
 21050 | Orc:2    | Reached skill level 10 in Armour
 22053 | Orc:2    | Found Teshreed's Book Shoppe.
 22229 | Orc:2    | Found Otuceer's General Store.
 22261 | Orc:2    | Found Qupoujae's Distillery.
 22263 | Orc:2    | Bought a scroll of teleportation for 45 gold pieces
 22263 | Orc:2    | Bought a potion of might for 60 gold pieces
 22263 | Orc:2    | Bought 2 atropa-tipped darts for 27 gold pieces
 22263 | Orc:2    | Bought a wand of iceblast (5) for 180 gold pieces
 22274 | Orc:2    | Found Japs's Book Emporium.
 22278 | Orc:2    | Bought a potion of curing for 39 gold pieces
 22278 | Orc:2    | Bought a potion of heal wounds for 65 gold pieces
 22278 | Orc:2    | Bought a potion of heal wounds for 65 gold pieces
 22278 | Orc:2    | Bought a potion of mutation for 104 gold pieces
 22278 | Orc:2    | Bought a potion of resistance for 130 gold pieces
 22317 | Orc:2    | Reached XP level 15. HP: 148/166 MP: 14/14
 22393 | Orc:2    | Found a staircase to the Elven Halls.
 22437 | Elf:1    | Entered Level 1 of the Elven Halls
 22446 | Elf:1    | Received a gift from Trog
 22531 | Elf:1    | Noticed Azrael
 22535 | Elf:1    | Killed Azrael
 22981 | Elf:1    | Identified the +9 dagger "Gukor" {spect, rPois Str-4 Int+4}
 23355 | Elf:1    | Reached skill level 24 in Fighting
 23549 | Elf:1    | Gukor...
 23779 | Elf:1    | Found Diopaent's Antique Weapon Emporium.
 23831 | Elf:1    | Lots of dancing weapons in northwest.
 23833 | Elf:1    | HP: 4/162 [+0 heavy broad axe (9)]
 24275 | Elf:1    | Found the +1 cloak of Starlight {*Dazzle EV+4 Stlth--}
 24464 | Elf:1    | HP: 7/166 [+1 hand axe of electrocution (6)]
 24464 | Elf:1    | HP: 1/166 [+1 hand axe of electrocution (6)]
 24969 | Elf:1    | Found a runed translucent door.
 24970 | Elf:1    | Noticed Varewnug's ghost (adept HuVM)
 24982 | Elf:1    | Received a gift from Trog
 25129 | Elf:1    | Slain by a +4 trident of venom

Illustrated notes

#.#.################# #.#.#
#........## #.#.# #.###.....†
## #.#.# #.# #.##.## ..#
#.##### #.# #.##.# #.#
###...## #.# #..#<# #.#
###.8...## #.# ##.#.# #.#
##........# #.# #.#.# ##.##
#......@_.# #.# #.#.#
###...####.........#
#.####.#.#
.........)..#.8...##
#.....#..# ###...########...##
######.### ####.## ###### #.#
.....####### #...##########.#
#####))....####...#..........#
#.####.##............##### #.#
#.##.####.####..#


Turn 6078 on D:8: Trog vault: three ogres #.# ##.# #.# ##...## #.# ##.....##
###># #.......### #...# #.........# #.###### #.......#.# #.###... #....†##.#
#.##..## ###...@##.######.#...## +...................... ####...##.########....#
##.###.# ##...# #####.##### ##..^ #........# ##.# ####.##.###.# #.# #.......#
#.# #.. #.##.#### #.# #.# Turn 6704 on D:9: 4chamber floor
+.#.#.'..##.$.##.))..##....)## ###.).#...#...#...#.###.....# #
#.###.)##...##..#.# #'##### # #'# ##..##.##..##.# #.# .#. ##...#..)##..# #.# .#
# ##.....##..####.# .# ###'###..... .# # #.....#.#.# #.#.).#)#@..# #'.....'.#.#
#.#.#...#.# # #..#....)#.# #.. ###'###.. #..# .... ##.. #..# #..... #.. '##
#....... #.# #...... .. .# Turn 23549 on Elf:1: Gukor... ##### #...# #####
###...### #...# #.......# ###..∩########.......#### #>..e..(@)...'.......'...
#.....e)########...###### .........§..# #...# #####.(e###.# ##### ....... .#
###(### # ... ..(. ### .. #.. Turn 23831 on Elf:1: Lots of dancing weapons in
northwest.

Levels and vault maps discovered:
D:1:      minmay_arrival_stone_box, layout_basic, serial_shops, shop,
          hellmonk_ecumenical_altar_heavens_door, amcnicky_mini_pool_small
D:2:      layout_basic, kennysheep_another_room, uniq_sigmund
D:3:      layout_rooms
D:4:      layout_basic, nicolae_overflow_hallway_of_the_gods,
          grunt_temple_overflow_open, general_overflow_altar, uniq_duvessa,
          uniq_ijyb
D:5:      layout_basic, minmay_temple_entry_butterflies, minmay_circle_x
D:6:      layout_loops_ring, slow_altar_2, grunt_decor_mini_mirrors,
          uniq_blork_the_orc
D:7:      layout_gridville, minmay_checkerbox
D:8:      layout_loops_ring, mainiacjoe_overflow_small_starburst,
          mainiacjoe_overflow_cross_hatched, trog_antimagical,
          old_standard_altar, ebering_ghost_inner_flame
D:9:      layout_loops_corners
D:10:     layout_loops_corners, minmay_orc_entry_temple_small, minivault_5,
          uniq_nergalle
D:11:     layout_roguey, minmay_lair_entry_grove, gammafunk_ghost_arena,
          disabler_island
Temple:   nicolae_temple_bog_church
Lair:1:   layout_cave_pods, gammafunk_ghost_abyssal_escape, grunt_megastairs_5,
          lemuel_fruit_tree, lemuel_fruit_fields, uniq_erica
Lair:2:   layout_small_grid, spider_nest_entry_webs, nicolae_lair_lakeside_cave
Lair:3:   layout_misc_corridors, shoals_dummy_entry,
          gammafunk_ghost_berserking_beasts, infiniplex_staircase_pool,
          serial_bayou_shore_b, serial_bayou_shore_b
Lair:4:   layout_cave_pods, slime_entry_1, uniq_josephine
Lair:5:   cheibrodos_lair_end_hotspot, layout_hall_layers,
          ebering_ghost_disaster_area
Orc:1:    layout_diamond_mine, basic_altar
Orc:2:    st_orc_open, layout_diamond_mine
Elf:1:    minmay_the_grid_octo_tiled_octocenter [minmay_the_grid_octo_empty,
          minmay_the_grid_octo_chip, minmay_the_grid_octo_clover_2,
          minmay_the_grid_octo_toaster, minmay_the_grid_octo_prize_star,
          minmay_the_grid_square_5x5_two_walls_a,
          minmay_the_grid_square_5x5_detours,
          minmay_the_grid_square_5x5_bracketed,
          minmay_the_grid_square_5x5_tri_point], layout_geoelf_grid,
          gammafunk_ghost_grave, serial_shops, shop, minivault_28, uniq_azrael

Skill      XL: |  1  2  3  4  5  6  7  8  9 10 11 12 13 14 15 |
---------------+----------------------------------------------+-----
Maces & Flails | 5 6 8 9 12 14 15 17 | 17.7
Fighting       | 5 6 7 8 10 15 19 22 23 24 | 24.2
Armour         | 3 4 5 6 7 9 10 11 | 11.9
Dodging        | 3 4 5 6 |  6.2
Throwing       | 4 6 |  6.0
Evocations     | 3 5 6 |  6.0
Stealth        | 3 |  3.0
Staves         | 3 |  3.9

Action                     |  1- 3 |  4- 6 |  7- 9 | 10-12 | 13-15 || total
---------------------------+-------+-------+-------+-------+-------++-------
  Melee: Mace              |    39 |    28 |       |       |       ||    67
         Headbutt          |     8 |    12 |    38 |   118 |   243 ||   419
         Flail             |       |    48 |   212 |   612 |   482 ||  1354
         Punch             |       |       |     2 |     9 |    11 ||    22
         Great mace        |       |       |       |       |   398 ||   398
         Quarterstaff      |       |       |       |       |   139 ||   139
  Throw: Dart              |       |       |       |     8 |       ||     8
 Invoke: Berserk           |     1 |     1 |     8 |    14 |    11 ||    35
         Trog's Hand       |       |       |     1 |     6 |     5 ||    12
         Brothers in Arms  |       |       |       |     1 |     2 ||     3
  Evoke: Wand              |       |       |       |       |     1 ||     1
    Use: Potion            |       |       |     1 |     3 |    13 ||    17
         Scroll            |       |       |       |    25 |    11 ||    36
   Stab: Paralysed         |       |       |       |       |     2 ||     2
 Armour: Ring mail         |    15 |       |       |       |       ||    15
         Animal skin       |     1 |       |       |       |       ||     1
         Scale mail        |       |    32 |    71 |   202 |   484 ||   789
         Skin              |       |       |       |     9 |       ||     9
  Dodge: Dodged            |    17 |    56 |   102 |   322 |   612 ||  1109
         Repelled          |       |       |       |     8 |     9 ||    17
